 Dungeon Crawl Stone Soup version 0.32-a0-560-g4c7f4391e0 (webtiles) character file.

Game seed: 8150071837421336900

49 dialectric the Trooper (level 3, 0/29 HPs)
             Began as a Demonspawn Fighter on Feb 29, 2024.
             Succumbed to Terence's poison
             ... on level 2 of the Dungeon.
             The game lasted 00:01:10 (1294 turns).

dialectric the Trooper (Demonspawn Fighter)         Turns: 1294, Time: 00:01:10

Health: 0/29       AC:  8    Str: 18    XL:     3   Next: 51%
Magic:  3/3        EV:  9    Int:  8    God:
Gold:   4          SH:  0    Dex: 12    Spells: 2/2 levels left

rFire   . . .        a - +0 flail
rCold   . . .        c - +0 buckler
rNeg    . . .        b - +0 scale mail
rPois   .            (no helmet)
rElec   .            (no cloak)
rCorr   .            (no gloves)
SInv    .            (no boots)
Will    .....        (no amulet) Stlth
                     (no ring)
HPRegen 0.24/turn    (no ring)
MPRegen 0.08/turn

%: no passive effects
@: confused, mighty, lethally poisoned (0 -> -21), ambrosia-drunk
A: slimy green scales 1
a: no special abilities


You were on level 2 of the Dungeon.
You visited 1 branch of the dungeon, and saw 2 of its levels.

You collected 4 gold pieces.

Inventory:

Hand Weapons
 a - a +0 flail (weapon)
Armour
 b - a +0 scale mail (worn)
 c - a +0 buckler (worn)
Scrolls
 e - a scroll of poison {unknown}
 h - a scroll of enchant armour {unknown}
Potions
 f - a potion of brilliance {unknown}
 i - a potion of enlightenment {unknown}


   Skills:
 + Level 3.4 Fighting
 + Level 2.3 Maces & Flails
 + Level 3.1 Armour
 + Level 3.1 Shields


You had 2 spell levels left.
You didn't know any spells.
Your spell library contained the following spells:

 Spells                   Type           Power      Damage    Failure   Level
 Malign Gateway           Summ/Tloc      0%         N/A       100%        7
 Summon Horrible Things   Summ           0%         N/A       100%        8


Dungeon Overview and Level Annotations

Branches:
Dungeon (2/15)

Altars:
Fedhas

Annotations:
D:2 Terence


Innate Abilities, Weirdness & Mutations

You are partially covered in slimy green scales. (AC +2)


Message History

You feel very mighty all of a sudden.
The ribbon worm expels a string of sticky webbing.
The stream of webbing hits you but does no damage.
You are caught in a web!
You struggle to detach yourself from the web.
The web tears apart.
You sock the ribbon worm!
The ribbon worm is heavily wounded.
The ribbon worm barely misses you.
You sock the ribbon worm!
You kill the ribbon worm!
You block Terence's attack.
You closely miss Terence.
Terence hits you with a +3 mace of venom!
You are poisoned.
You hit Terence but do no damage.
You feel very sick. Terence barely misses you.
You closely miss Terence.
You feel very sick. Terence closely misses you.
Terence hits you with a +3 mace of venom.
You sock Terence!
Terence is heavily wounded.
* * * LOW HITPOINT WARNING * * *
You feel very sick.
Terence hits you with a +3 mace of venom.
* * * LOW HITPOINT WARNING * * *
You are more poisoned.
It was a potion of ambrosia.
You are confused.
You feel invigorated.
* * * LOW HITPOINT WARNING * * *
You feel sick.
Terence hits you with a +3 mace of venom.
* * * LOW HITPOINT WARNING * * *
You are more poisoned.
You are more confused.
You feel more invigorated.
You die...

####.####.####....########.#
#.##............# #.# #
................# #.# .
#...........)....## #.# #
#.................# #.#
#.#.....#+######.##.# #.#
#.#..... #....(.######.#
#.#..... #.#.#@......#.#
#...... #.#@#w#####.#.# #..##
# #@#..# #.# #... #....# #.#
#)####### ###### #.# .........
#.#
#.########################.###
.............................#
#.###.....####################
..# #.....#


You could see Terence.

Vanquished Creatures
  An adder (D:2)
  A ribbon worm (D:2)
  A dart slug (D:2)
  3 endoplasms
  4 giant cockroaches
  3 goblins
  A hobgoblin (D:1)
  8 ball pythons
  4 bats (D:1)
  2 frilled lizards
  3 kobolds (D:1)
  3 rats
34 creatures vanquished.

Notes
Turn   | Place    | Note
-------+----------+-------------------------------------------
     0 | D:1      | dialectric the Demonspawn Fighter began the quest for the
                  | Orb.
     0 | D:1      | Reached XP level 1. HP: 18/18 MP: 1/1
   176 | D:1      | Gained mutation: You are partially covered in slimy green
                  | scales. (AC +2) [demonic ancestry]
   176 | D:1      | Reached XP level 2. HP: 22/24 MP: 2/2
  1047 | D:2      | Reached XP level 3. HP: 29/29 MP: 3/3
  1105 | D:2      | Found a blossoming altar of Fedhas.
  1274 | D:2      | Noticed Terence
  1293 | D:2      | HP: 1/29 [Terence/+3 mace of venom (6)]
  1294 | D:2      | Succumbed to Terence's poison

Illustrated notes

Levels and vault maps discovered:
D:1:      ldierk_walled_garden_2, layout_basic
D:2:      layout_basic, basic_altar, kennysheep_generic_room_9, uniq_terence

Skill      XL: |  1  2 |
---------------+-------+-----
Maces & Flails | 2 |  2.3
Shields        | 3 |  3.1
Armour         | 3 |  3.1
Fighting       | |  3.4

Action                     || total
---------------------------++-------
  Melee: Flail             ||   102
    Use: Potion            ||     3
 Armour: Scale mail        ||    92
  Dodge: Dodged            ||    51
  Block: Buckler           ||    23

Table legend: (Time is in decaauts)
 A = Elapsed time spent in this place.
 B = Non-inter-level travel time spent in this place.
 C = Inter-level travel time spent in this place.
 D = Time resting spent in this place.
 E = Time spent auto-exploring this place.
 F = Levels seen in this place.
 G = Mean time per level.
                   A        B        C        D        E       F      G
               +--------+--------+--------+--------+--------+-----+--------+
         Total |   1327 |   1315 |     12 |      0 |   1048 |   2 |  663.5 |
       Dungeon |   1327 |   1315 |     12 |      0 |   1048 |   2 |  663.5 |
               +--------+--------+--------+--------+--------+-----+--------+

Top non-repeatable levels by time:
     D:1: 1020 daAuts
     D:2: 307 daAuts
